[Event "European Union U14-ch 2024"]
[Site "Roznov pod Radhostem"]
[Date "2024.08.05"]
[Round "1.1"]
[White "Duchatel, Maxime"]
[Black "Bocquenet-Drouode, Hugo"]
[Result "0-1"]
[ECO "B21"]
[WhiteElo "1682"]
[BlackElo "2025"]
[Annotator "NA RC"]
[PlyCount "50"]
[EventDate "2024.08.02"]
[EventType "swiss"]
[EventCountry "CZE"]
[SourceTitle "playchess.com"]
[Source "ChessBase"]
[SourceQuality "1"]
[TimeControl "5400+30"]

1. e4 c5 2. d4 cxd4 3. c3 dxc3 4. Nxc3 Nc6 5. Nf3 e6 6. Bc4 a6 7. O-O Nge7 8. Qe2 b5 9. Bb3 Bb7 10. Rd1 Ng6 11. Be3 Na5 12. Bc2 Nc4 13. b3 Nxe3 14. Qxe3 Rc8 15. Rac1 Ba3 16. Ne2 Bxc1 17. Qxc1 Bxe4 18. Rd2 Bxf3 19. gxf3 Qg5+ 20. Ng3 Nh4 21. Rd1 Nxf3+ 22. Kg2 Qxc1 23. Rxc1 Rxc2 24. Rxc2 Ne1+ 25. Kf1 Nxc2 0-1

[Event "European Union U14-ch 2024"]
[Site "Roznov pod Radhostem"]
[Date "2024.08.05"]
[Round "1.2"]
[White "Stara, Zuzana"]
[Black "Barteckova, Nikol"]
[Result "1-0"]
[ECO "A52"]
[WhiteElo "2005"]
[BlackElo "1669"]
[Annotator "NA RC"]
[PlyCount "91"]
[EventDate "2024.08.02"]
[EventType "swiss"]
[EventCountry "CZE"]
[SourceTitle "playchess.com"]
[Source "ChessBase"]
[SourceQuality "1"]
[TimeControl "5400+30"]

1. d4 Nf6 2. c4 e5 3. dxe5 Ng4 4. Bf4 Bb4+ 5. Nc3 Bxc3+ 6. bxc3 Nc6 7. Nf3 Qe7 8. Qd5 f6 9. exf6 Nxf6 10. Qd3 d6 11. g3 O-O 12. Bg2 Re8 13. Nd4 Bd7 14. Rd1 a6 15. Rd2 Ne4 16. Bxe4 Qxe4 17. Qxe4 Rxe4 18. f3 Ree8 19. Nxc6 Bxc6 20. Kf2 g6 21. e4 Rf8 22. Ke3 Rf7 23. Rd4 Raf8 24. h4 h6 25. Rf1 Kg7 26. Ke2 b5 27. cxb5 Bxb5+ 28. c4 c5 29. Bxd6 cxd4 30. Bxf8+ Rxf8 31. cxb5 axb5 32. Kd3 Ra8 33. Rf2 Ra4 34. Rb2 b4 35. Rb3 Rxa2 36. Kxd4 Ra3 37. Rxa3 bxa3 38. Kc3 Kf6 39. f4 h5 40. Kb3 a2 41. Kxa2 Ke6 42. Kb3 Kd6 43. Kc4 Kc6 44. e5 Kd7 45. Kd5 Ke7 46. e6 1-0

[Event "European Union U14-ch 2024"]
[Site "Roznov pod Radhostem"]
[Date "2024.08.05"]
[Round "1.3"]
[White "Madel, Luca"]
[Black "Constantinoiu, Alexandru Ioan"]
[Result "0-1"]
[ECO "D00"]
[WhiteElo "1628"]
[BlackElo "1904"]
[Annotator "NA RC"]
[PlyCount "62"]
[EventDate "2024.08.02"]
[EventType "swiss"]
[EventCountry "CZE"]
[SourceTitle "playchess.com"]
[Source "ChessBase"]
[SourceQuality "1"]
[TimeControl "5400+30"]

1. d4 d5 2. Bf4 c5 3. e3 Nc6 4. c3 Qb6 5. Qc2 e5 6. Bxe5 Nxe5 7. dxe5 Ne7 8. Nf3 g6 9. Qb3 Qc7 10. Na3 a6 11. c4 Qa5+ 12. Kd1 Bd7 13. Qd3 O-O-O 14. Kc1 Be6 15. Qc3 Qc7 16. Be2 d4 17. exd4 cxd4 18. Nxd4 Bh6+ 19. Kb1 Qxe5 20. Nxe6 Qxe6 21. Bd3 Rhe8 22. Kc2 Nc6 23. Rae1 Qd6 24. Rxe8 Rxe8 25. c5 Qf4 26. f3 Qe3 27. Nc4 Qxc5 28. Nd2 Nb4+ 29. Kb3 Nxd3 30. Ne4 Qxc3+ 31. Kxc3 Rd8 0-1

[Event "European Union U14-ch 2024"]
[Site "Roznov pod Radhostem"]
[Date "2024.08.05"]
[Round "1.4"]
[White "Michalska, Lena"]
[Black "Kincses, Emma"]
[Result "1-0"]
[ECO "D00"]
[WhiteElo "1837"]
[BlackElo "1618"]
[Annotator "NA RC"]
[PlyCount "47"]
[EventDate "2024.08.02"]
[EventType "swiss"]
[EventCountry "CZE"]
[SourceTitle "playchess.com"]
[Source "ChessBase"]
[SourceQuality "1"]
[TimeControl "5400+30"]

1. d4 d5 2. Bf4 Nf6 3. e3 g6 4. Bd3 Bg7 5. Nd2 b6 6. Ngf3 Bb7 7. h4 Nbd7 8. Qe2 c5 9. c3 O-O 10. Ne5 Nh5 11. Qg4 Nxf4 12. exf4 Nf6 13. Qf3 cxd4 14. cxd4 Qd6 15. a3 Rad8 16. Rd1 Nd7 17. h5 Qe6 18. hxg6 fxg6 19. Qg3 Nxe5 20. fxe5 Qf7 21. Nf3 Bc8 22. Rxh7 Qf4 23. Rxg7+ Kh8 24. Rh7+ 1-0

[Event "European Union U14-ch 2024"]
[Site "Roznov pod Radhostem"]
[Date "2024.08.05"]
[Round "1.5"]
[White "Pritulina, Nadezhda"]
[Black "Bartova, Hana"]
[Result "1/2-1/2"]
[ECO "A00"]
[WhiteElo "1589"]
[BlackElo "1796"]
[Annotator "NA RC"]
[PlyCount "144"]
[EventDate "2024.08.02"]
[EventType "swiss"]
[EventCountry "CZE"]
[SourceTitle "playchess.com"]
[Source "ChessBase"]
[SourceQuality "1"]
[TimeControl "5400+30"]

1. b4 d5 2. Bb2 Nf6 3. e3 Bf5 4. Nf3 e6 5. a3 Nbd7 6. d4 Be7 7. Nbd2 Ne4 8. c4 dxc4 9. Bxc4 Nb6 10. Bd3 Nxd2 11. Qxd2 Qd5 12. Qc2 Bxd3 13. Qxd3 Qc4 14. Qe4 Qd5 15. Qg4 O-O 16. e4 Qb3 17. Rb1 Nc4 18. Nd2 Qd3 19. Qe2 Nxb2 20. Rxb2 Qxa3 21. Nb1 Qa4 22. Qd2 Rfd8 23. Nc3 Qc6 24. b5 Qc4 25. Ne2 Ba3 26. Rb1 e5 27. O-O exd4 28. Rfd1 Qe6 29. Nxd4 Qxe4 30. Qc3 Bd6 31. Re1 Qf4 32. g3 Qf6 33. Qc4 Re8 34. Qd5 Rad8 35. Nf5 Re5 36. Rxe5 Qxe5 37. Qf3 Bc5 38. h4 Rd2 39. Rf1 Rd5 40. Ne3 Bxe3 41. fxe3 Qe6 42. Qe2 Qe5 43. Qf3 Qe6 44. Qe2 Re5 45. Rd1 Rd5 46. Rf1 f6 47. Re1 Rd6 48. Qc2 c6 49. bxc6 Rxc6 50. Qd2 Rd6 51. Qa5 a6 52. Qc7 Qd7 53. Qc4+ Kf8 54. Qc5 Qc6 55. Qb4 Kf7 56. Qb3+ Qd5 57. Qc3 Rc6 58. Qb4 Qc5 59. Qxb7+ Kg6 60. Qb1+ Qc2 61. Qxc2+ Rxc2 62. Ra1 Rc6 63. Kf2 Kf5 64. Kf3 Ke5 65. g4 Kd5 66. g5 fxg5 67. hxg5 Ke5 68. Ra5+ Kd6 69. e4 Kc7 70. e5 Kb6 71. Ra1 Rc4 72. e6 Kc7 1/2-1/2

[Event "European Union U14-ch 2024"]
[Site "Roznov pod Radhostem"]
[Date "2024.08.05"]
[Round "1.6"]
[White "Boros, David"]
[Black "Ochkova, Maria"]
[Result "1-0"]
[ECO "C58"]
[WhiteElo "1796"]
[BlackElo "1553"]
[Annotator "NA RC"]
[PlyCount "93"]
[EventDate "2024.08.02"]
[EventType "swiss"]
[EventCountry "CZE"]
[SourceTitle "playchess.com"]
[Source "ChessBase"]
[SourceQuality "1"]
[TimeControl "5400+30"]

1. e4 e5 2. Nf3 Nc6 3. Bc4 Nf6 4. Ng5 d5 5. exd5 Na5 6. Bb5+ c6 7. dxc6 bxc6 8. Qf3 Rb8 9. Bxc6+ Nxc6 10. Qxc6+ Bd7 11. Qc4 Qe7 12. Nc3 h6 13. Nge4 Nxe4 14. Qxe4 f5 15. Qe2 g6 16. Qa6 Qd6 17. Qxd6 Bxd6 18. b3 a5 19. Bb2 a4 20. O-O-O a3 21. Ba1 O-O 22. Nd5 Kh7 23. f4 Bc6 24. fxe5 Bxd5 25. exd6 Bxg2 26. Rhe1 Rfe8 27. Re7+ Rxe7 28. dxe7 Re8 29. Re1 f4 30. Bd4 g5 31. Re6 f3 32. Kd1 Bh3 33. Re5 Kg6 34. Ke1 Bd7 35. Bc5 g4 36. Rd5 Be6 37. Rd8 Bf7 38. Rxe8 Bxe8 39. Bxa3 h5 40. Bd6 h4 41. a4 g3 42. hxg3 h3 43. g4 Kg5 44. a5 Kxg4 45. a6 h2 46. Bxh2 Kh3 47. Bg1 1-0

[Event "European Union U14-ch 2024"]
[Site "Roznov pod Radhostem"]
[Date "2024.08.05"]
[Round "1.7"]
[White "Myronova, Sofia"]
[Black "Belocky, Daniel"]
[Result "0-1"]
[ECO "C00"]
[WhiteElo "1463"]
[BlackElo "1731"]
[Annotator "NA RC"]
[PlyCount "110"]
[EventDate "2024.08.02"]
[EventType "swiss"]
[EventCountry "CZE"]
[SourceTitle "playchess.com"]
[Source "ChessBase"]
[SourceQuality "1"]
[TimeControl "5400+30"]

1. e4 e6 2. Nc3 d5 3. exd5 exd5 4. d4 Nc6 5. Nf3 Bg4 6. Be2 Qd7 7. Bf4 f6 8. Qd2 g5 9. Be3 h6 10. h3 Be6 11. g4 O-O-O 12. O-O-O Bg7 13. Bb5 h5 14. Nh2 hxg4 15. hxg4 Nge7 16. f3 Rh3 17. Qg2 Rdh8 18. Rdg1 Ng6 19. Be2 Bf7 20. Nf1 Rxh1 21. Rxh1 Nh4 22. Qf2 Re8 23. Bd2 a6 24. Ng3 Kb8 25. Re1 Bg6 26. a3 Bf7 27. Na4 f5 28. Bxg5 Bxd4 29. Qf1 Be3+ 30. Bxe3 Rxe3 31. Qf2 Re8 32. Nc3 fxg4 33. fxg4 Ne5 34. Nh5 Qe7 35. Kb1 Nxg4 36. Qg3 Bxh5 37. Nxd5 Qd8 38. Nf4 Re3 39. Qg1 Qg5 40. Bxg4 Rxe1+ 41. Qxe1 Bxg4 42. Nd3 Nf3 43. Qe8+ Ka7 44. Qa4 Nd2+ 45. Ka2 Qd5+ 46. b3 Ne4 47. Qb4 a5 48. Qe1 a4 49. Qg1+ b6 50. Nb4 axb3+ 51. Kb1 bxc2+ 52. Kxc2 Qc4+ 53. Kb1 Nd2+ 54. Ka1 Qc3+ 55. Ka2 Be6+ 0-1

[Event "European Union U14-ch 2024"]
[Site "Roznov pod Radhostem"]
[Date "2024.08.06"]
[Round "2.1"]
[White "Bocquenet-Drouode, Hugo"]
[Black "Michalska, Lena"]
[Result "1-0"]
[ECO "B07"]
[WhiteElo "2025"]
[BlackElo "1837"]
[Annotator "NA RC"]
[PlyCount "71"]
[EventDate "2024.08.02"]
[EventType "swiss"]
[EventCountry "CZE"]
[SourceTitle "playchess.com"]
[Source "ChessBase"]
[SourceQuality "1"]
[TimeControl "5400+30"]

1. d4 Nf6 2. Nc3 g6 3. e4 d6 4. Bf4 Bg7 5. Qd2 Nc6 6. O-O-O O-O 7. f3 Re8 8. Bh6 Bh8 9. h4 a6 10. h5 e5 11. hxg6 hxg6 12. d5 Nb8 13. g4 Nbd7 14. Qh2 b5 15. Nce2 Nh7 16. Be3 Ndf8 17. Ng3 Bd7 18. Bd3 Qf6 19. Rf1 b4 20. Kb1 a5 21. Nh3 Bg7 22. Qd2 Reb8 23. Ng5 Qd8 24. Nxh7 Nxh7 25. Qh2 Nf6 26. Bh6 Qf8 27. Bxg7 Qxg7 28. Bc4 g5 29. Rfg1 Nh7 30. Qd2 f6 31. Rh3 Nf8 32. Rgh1 Ng6 33. Rh6 Nh4 34. R1xh4 gxh4 35. Nh5 Qxh6 36. Qxh6 1-0

[Event "European Union U14-ch 2024"]
[Site "Roznov pod Radhostem"]
[Date "2024.08.06"]
[Round "2.2"]
[White "Belocky, Daniel"]
[Black "Stara, Zuzana"]
[Result "1/2-1/2"]
[ECO "A46"]
[WhiteElo "1731"]
[BlackElo "2005"]
[Annotator "NA RC"]
[PlyCount "219"]
[EventDate "2024.08.02"]
[EventType "swiss"]
[EventCountry "CZE"]
[SourceTitle "playchess.com"]
[Source "ChessBase"]
[SourceQuality "1"]
[TimeControl "5400+30"]

1. d4 Nf6 2. Bg5 e6 3. Nf3 d5 4. g3 c5 5. Bg2 h6 6. Bxf6 Qxf6 7. c3 Bd6 8. O-O O-O 9. e3 Nc6 10. Nfd2 cxd4 11. exd4 Bd7 12. f4 Ne7 13. Nf3 Bb5 14. Re1 Nf5 15. Ne5 Bxe5 16. fxe5 Qg5 17. Qd2 Qxd2 18. Nxd2 Rfc8 19. g4 Nh4 20. Bf1 Bxf1 21. Rxf1 a5 22. Rf2 a4 23. a3 b5 24. Raf1 Ra7 25. Nb1 Rb7 26. h3 Ng6 27. Kh2 Nf8 28. Rf3 Nh7 29. h4 f6 30. Nd2 fxe5 31. dxe5 Nf8 32. Kg3 Ng6 33. Re3 Ne7 34. Rff3 Nc6 35. Rf4 Rd7 36. Nf3 Rf7 37. Nd4 Rxf4 38. Kxf4 Nxd4 39. cxd4 Rc4 40. Rd3 Kf7 41. Ke3 b4 42. b3 axb3 43. Rxb3 bxa3 44. Rxa3 Rc7 45. h5 g5 46. hxg6+ Kxg6 47. Ra6 Re7 48. Ra8 Kg5 49. Rg8+ Kh4 50. Rg6 h5 51. Kf4 Rf7+ 52. Rf6 Rg7 53. gxh5 Rg4+ 54. Ke3 Kxh5 55. Rxe6 Rg3+ 56. Kd2 Kg5 57. Rd6 Kf5 58. Rxd5 Ke4 59. Rd8 Rg6 60. Kc3 Rc6+ 61. Kb4 Rc7 62. e6 Kf5 63. d5 Kf6 64. Kb5 Ke7 65. Rh8 Kd6 66. Rh5 Rc1 67. Kb6 Rb1+ 68. Ka7 Rb2 69. Rh1 Rd2 70. Re1 Ke7 71. Re5 Rb2 72. d6+ Kxd6 73. e7 Ra2+ 74. Kb6 Rb2+ 75. Ka5 Kxe5 76. e8=Q+ Kd5 77. Qd7+ Kc4 78. Qa4+ Kc3 79. Qa3+ Kc2 80. Qc5+ Kb1 81. Qg1+ Kc2 82. Qf2+ Kc3 83. Qe3+ Kc2 84. Ka4 Kb1 85. Qd3+ Kc1 86. Qh3 Rd2 87. Qf1+ Kc2 88. Ka3 Rd3+ 89. Ka2 Kd2 90. Kb2 Ke3 91. Qe1+ Kf4 92. Kc2 Rf3 93. Kd2 Kg4 94. Qe4+ Rf4 95. Qg6+ Kh3 96. Ke3 Rg4 97. Qh5+ Kg3 98. Qh1 Rg5 99. Qg1+ Kh4 100. Qd1 Rg4 101. Kf3 Kh5 102. Ke3 Kh4 103. Qd5 Rg3+ 104. Kf2 Rg5 105. Qh1+ Kg4 106. Qf3+ Kh4 107. Qf6 Kg4 108. Qf3+ Kh4 109. Kf1 Rg4 110. Kf2 1/2-1/2

[Event "European Union U14-ch 2024"]
[Site "Roznov pod Radhostem"]
[Date "2024.08.06"]
[Round "2.3"]
[White "Constantinoiu, Alexandru Ioan"]
[Black "Golub, Mia"]
[Result "1-0"]
[ECO "B42"]
[WhiteElo "1904"]
[BlackElo "1418"]
[Annotator "NA RC"]
[PlyCount "69"]
[EventDate "2024.08.02"]
[EventType "swiss"]
[EventCountry "CZE"]
[SourceTitle "playchess.com"]
[Source "ChessBase"]
[SourceQuality "1"]
[TimeControl "5400+30"]

1. e4 c5 2. Nf3 e6 3. d4 cxd4 4. Nxd4 a6 5. Bd3 Nf6 6. Nc3 d6 7. Be3 Be7 8. Qe2 b5 9. a3 Bb7 10. O-O-O O-O 11. g4 Nc6 12. g5 Nd7 13. h4 Nc5 14. f4 Nxd3+ 15. Qxd3 Nxd4 16. Bxd4 f5 17. gxf6 Bxf6 18. Qh3 Qe7 19. e5 dxe5 20. fxe5 Bxe5 21. Bxe5 Bxh1 22. Bd6 Qf7 23. Qxh1 Rfd8 24. Rf1 Qg6 25. Ne4 Rac8 26. h5 Qh6+ 27. Bf4 g5 28. Bxg5 Qg7 29. Bxd8 Rxd8 30. Rg1 Rf8 31. Rxg7+ Kxg7 32. Qg1+ Kh8 33. h6 Rg8 34. Qd4+ Rg7 35. Qxg7# 1-0

[Event "European Union U14-ch 2024"]
[Site "Roznov pod Radhostem"]
[Date "2024.08.06"]
[Round "2.4"]
[White "Bartova, Hana"]
[Black "Boros, David"]
[Result "0-1"]
[ECO "C11"]
[WhiteElo "1796"]
[BlackElo "1796"]
[Annotator "NA RC"]
[PlyCount "69"]
[EventDate "2024.08.02"]
[EventType "swiss"]
[EventCountry "CZE"]
[SourceTitle "playchess.com"]
[Source "ChessBase"]
[SourceQuality "1"]
[TimeControl "5400+30"]

1. e4 Nf6 2. Nc3 d5 3. e5 Nfd7 4. d4 c5 5. f4 e6 6. Be3 Nc6 7. Nf3 a6 8. Qd2 b5 9. dxc5 Bxc5 10. Bxc5 Nxc5 11. Nd4 Bb7 12. Nxc6 Bxc6 13. Qd4 Qb6 14. O-O-O b4 15. Ne2 O-O 16. Ng3 Rfc8 17. Kb1 Ba4 18. b3 Qc6 19. Bd3 Nxd3 20. Qxd3 Bb5 21. Qd2 a5 22. Ne2 Bxe2 23. Qxe2 a4 24. Qd2 axb3 25. cxb3 Qa6 26. Rc1 Rc3 27. Rhd1 d4 28. Qb2 Rac8 29. Rxc3 bxc3 30. Qc2 Qb6 31. Ka1 Qc5 32. Kb1 h6 33. Rc1 Qd5 34. Rd1 Rc6 35. Rd3 0-1

[Event "European Union U14-ch 2024"]
[Site "Roznov pod Radhostem"]
[Date "2024.08.06"]
[Round "2.5"]
[White "Barteckova, Nikol"]
[Black "Pritulina, Nadezhda"]
[Result "0-1"]
[ECO "B01"]
[WhiteElo "1669"]
[BlackElo "1589"]
[Annotator "NA RC"]
[PlyCount "98"]
[EventDate "2024.08.02"]
[EventType "swiss"]
[EventCountry "CZE"]
[SourceTitle "playchess.com"]
[Source "ChessBase"]
[SourceQuality "1"]
[TimeControl "5400+30"]

1. e4 d5 2. exd5 Qxd5 3. Nc3 Qd6 4. d4 Nf6 5. Nf3 Bg4 6. Be2 c6 7. O-O e6 8. Re1 Be7 9. h3 Bf5 10. Nh4 Bg6 11. Nxg6 hxg6 12. Bf3 Nbd7 13. b3 Nd5 14. Ne4 Qc7 15. c4 Nf4 16. Qd2 g5 17. Bb2 O-O-O 18. Qc2 f5 19. Ng3 Bf6 20. Rad1 g6 21. b4 Nb6 22. a3 Qg7 23. b5 Bxd4 24. Bxd4 Rxd4 25. bxc6 bxc6 26. Rxd4 Qxd4 27. Rc1 Qd3 28. Qb2 Rh7 29. Qb4 Nxh3+ 30. gxh3 Qxf3 31. Qf8+ Kb7 32. Qg8 Rxh3 33. Qxe6 Qxa3 34. Rd1 Rxg3+ 35. fxg3 Qxg3+ 36. Kh1 Qf3+ 37. Kh2 Qxd1 38. Qxg6 Qe2+ 39. Kg1 Qxc4 40. Qg7+ Ka6 41. Qa1+ Qa4 42. Qf1+ Qb5 43. Qa1+ Na4 44. Qe1 g4 45. Qe8 Qb1+ 46. Kf2 Qc2+ 47. Kf1 Nb6 48. Qh8 g3 49. Qa1+ Na4 0-1

[Event "European Union U14-ch 2024"]
[Site "Roznov pod Radhostem"]
[Date "2024.08.06"]
[Round "2.6"]
[White "Kincses, Emma"]
[Black "Duchatel, Maxime"]
[Result "1-0"]
[ECO "D02"]
[WhiteElo "1618"]
[BlackElo "1682"]
[Annotator "NA RC"]
[PlyCount "61"]
[EventDate "2024.08.02"]
[EventType "swiss"]
[EventCountry "CZE"]
[SourceTitle "playchess.com"]
[Source "ChessBase"]
[SourceQuality "1"]
[TimeControl "5400+30"]

1. d4 d5 2. Nf3 e6 3. g3 c6 4. Bg2 f5 5. O-O Nf6 6. b3 Bd6 7. Bb2 b6 8. Nbd2 O-O 9. c4 Ne4 10. Rc1 Bb7 11. Rc2 Nd7 12. Qa1 Rf6 13. c5 Bc7 14. b4 Rg6 15. cxb6 axb6 16. a3 Bd6 17. Qc1 Rc8 18. Nb1 Qf6 19. Nc3 f4 20. b5 Nb8 21. Nxe4 dxe4 22. Ne5 Bxe5 23. dxe5 Qg5 24. Bxe4 fxg3 25. hxg3 Qxc1 26. Rfxc1 Rg4 27. Bf3 Rg6 28. bxc6 Ba6 29. Rd2 Bb5 30. c7 Nd7 31. Bb7 1-0

[Event "European Union U14-ch 2024"]
[Site "Roznov pod Radhostem"]
[Date "2024.08.06"]
[Round "2.7"]
[White "Ochkova, Maria"]
[Black "Madel, Luca"]
[Result "0-1"]
[ECO "C01"]
[WhiteElo "1553"]
[BlackElo "1628"]
[Annotator "NA RC"]
[PlyCount "60"]
[EventDate "2024.08.02"]
[EventType "swiss"]
[EventCountry "CZE"]
[SourceTitle "playchess.com"]
[Source "ChessBase"]
[SourceQuality "1"]
[TimeControl "5400+30"]

1. e4 e6 2. d4 d5 3. exd5 exd5 4. Nf3 Bd6 5. Bd3 Ne7 6. Bg5 f6 7. Bh4 O-O 8. O-O Nbc6 9. c3 Bf5 10. Re1 Qd7 11. c4 Bxd3 12. Qxd3 dxc4 13. Qxc4+ Kh8 14. Nc3 Nf5 15. d5 Ne5 16. Nxe5 Bxe5 17. f4 Bxc3 18. bxc3 Nxh4 19. Re6 Nf5 20. Rae1 Nd6 21. Qd3 Rfe8 22. c4 Rxe6 23. dxe6 Qc6 24. Rc1 Re8 25. f5 Qc5+ 26. Kh1 Qxf5 27. Qxf5 Nxf5 28. Rd1 g6 29. h3 Ng7 30. Rd7 Nxe6 0-1

[Event "European Union U14-ch 2024"]
[Site "Roznov pod Radhostem"]
[Date "2024.08.07"]
[Round "3.1"]
[White "Boros, David"]
[Black "Bocquenet-Drouode, Hugo"]
[Result "0-1"]
[ECO "B22"]
[WhiteElo "1796"]
[BlackElo "2025"]
[Annotator "NA RC"]
[PlyCount "66"]
[EventDate "2024.08.02"]
[EventType "swiss"]
[EventCountry "CZE"]
[SourceTitle "playchess.com"]
[Source "ChessBase"]
[SourceQuality "1"]
[TimeControl "5400+30"]

1. e4 c5 2. c3 Nf6 3. e5 Nd5 4. d4 cxd4 5. cxd4 d6 6. Nf3 Nc6 7. h3 Bf5 8. a3 e6 9. exd6 Qxd6 10. Nc3 Be7 11. Bd3 Bxd3 12. Qxd3 Rd8 13. O-O h6 14. Re1 O-O 15. Ne4 Qc7 16. Bd2 Nf6 17. Rac1 Qb6 18. Bc3 Rd5 19. Ng3 Rfd8 20. Rcd1 Bd6 21. Ne4 Be7 22. Qc2 Nxe4 23. Rxe4 Bf6 24. Qa4 e5 25. Rde1 exd4 26. Re8+ Rxe8 27. Rxe8+ Kh7 28. Qc4 Qb5 29. Qxb5 Rxb5 30. Bb4 Nxb4 31. axb4 Rxb4 32. Re4 Rxb2 33. Nxd4 Rb4 0-1

[Event "European Union U14-ch 2024"]
[Site "Roznov pod Radhostem"]
[Date "2024.08.07"]
[Round "3.2"]
[White "Stara, Zuzana"]
[Black "Constantinoiu, Alexandru Ioan"]
[Result "0-1"]
[ECO "B93"]
[WhiteElo "2005"]
[BlackElo "1904"]
[Annotator "NA RC"]
[PlyCount "50"]
[EventDate "2024.08.02"]
[EventType "swiss"]
[EventCountry "CZE"]
[SourceTitle "playchess.com"]
[Source "ChessBase"]
[SourceQuality "1"]
[TimeControl "5400+30"]

1. e4 c5 2. Nf3 d6 3. d4 cxd4 4. Nxd4 Nf6 5. Nc3 a6 6. f4 e6 7. Qf3 Qc7 8. Be3 b5 9. a3 Nbd7 10. Nb3 Bb7 11. O-O-O Nc5 12. Nd2 Rc8 13. Bxc5 dxc5 14. g4 b4 15. Ncb1 Bd6 16. f5 Bf4 17. Re1 Rd8 18. axb4 Qd6 19. Qe2 Nxe4 20. Rd1 Nxd2 21. Nxd2 Bxh1 22. bxc5 Bxd2+ 23. Kb1 Qc6 24. fxe6 Bf3 25. exf7+ Kf8 0-1

[Event "European Union U14-ch 2024"]
[Site "Roznov pod Radhostem"]
[Date "2024.08.07"]
[Round "3.3"]
[White "Pritulina, Nadezhda"]
[Black "Belocky, Daniel"]
[Result "0-1"]
[ECO "C02"]
[WhiteElo "1589"]
[BlackElo "1731"]
[Annotator "NA RC"]
[PlyCount "64"]
[EventDate "2024.08.02"]
[EventType "swiss"]
[EventCountry "CZE"]
[SourceTitle "playchess.com"]
[Source "ChessBase"]
[SourceQuality "1"]
[TimeControl "5400+30"]

1. e4 e6 2. d4 d5 3. e5 c5 4. c3 Nc6 5. Nf3 Bd7 6. Be2 f6 7. exf6 Nxf6 8. Ne5 Qb6 9. Bh5+ g6 10. Qf3 Nxe5 11. Qxf6 Nd3+ 12. Kd2 Nxc1 13. Kxc1 Bh6+ 14. f4 Bxf4+ 15. Qxf4 gxh5 16. Qe5 O-O-O 17. dxc5 Qxc5 18. Qxh5 Rdf8 19. Nd2 Rf2 20. Qe5 Rhf8 21. b4 Qc7 22. Qg7 Qf4 23. Qd4 Qxd4 24. cxd4 Rxg2 25. h3 Rff2 26. Nb3 Rxa2 27. Kb1 Rab2+ 28. Kc1 Rxb3 29. Rxa7 Rxb4 30. Ra8+ Kc7 31. Rd1 e5 32. dxe5 Bf5 0-1

[Event "European Union U14-ch 2024"]
[Site "Roznov pod Radhostem"]
[Date "2024.08.07"]
[Round "3.4"]
[White "Michalska, Lena"]
[Black "Myronova, Sofia"]
[Result "1-0"]
[ECO "A04"]
[WhiteElo "1837"]
[BlackElo "1463"]
[Annotator "NA RC"]
[PlyCount "53"]
[EventDate "2024.08.02"]
[EventType "swiss"]
[EventCountry "CZE"]
[SourceTitle "playchess.com"]
[Source "ChessBase"]
[SourceQuality "1"]
[TimeControl "5400+30"]

1. Nf3 Nc6 2. d4 d5 3. g3 Nf6 4. Bg2 Bf5 5. c3 e6 6. Bg5 Be7 7. Nbd2 O-O 8. Nh4 Be4 9. Bxf6 Bxf6 10. Nxe4 dxe4 11. Bxe4 Bxh4 12. gxh4 Qxh4 13. Qd3 Qh6 14. Qf3 e5 15. e3 exd4 16. cxd4 Rab8 17. O-O-O Qd6 18. Rdg1 Qh6 19. Kb1 a5 20. Rg3 g6 21. h4 Qg7 22. h5 h6 23. hxg6 fxg6 24. Qg2 g5 25. Bd5+ Kh8 26. Rxg5 Qh7+ 27. Be4 1-0

[Event "European Union U14-ch 2024"]
[Site "Roznov pod Radhostem"]
[Date "2024.08.07"]
[Round "3.5"]
[White "Golub, Mia"]
[Black "Kincses, Emma"]
[Result "0-1"]
[ECO "D37"]
[WhiteElo "1418"]
[BlackElo "1618"]
[Annotator "NA RC"]
[PlyCount "72"]
[EventDate "2024.08.02"]
[EventType "swiss"]
[EventCountry "CZE"]
[SourceTitle "playchess.com"]
[Source "ChessBase"]
[SourceQuality "1"]
[TimeControl "5400+30"]

1. d4 d5 2. c4 e6 3. Nf3 Nf6 4. Nc3 Be7 5. Bf4 O-O 6. e3 b6 7. Be2 Bb7 8. O-O c5 9. cxd5 exd5 10. Qc2 Ne4 11. Bd3 Nf6 12. Ng5 g6 13. b3 Nh5 14. Be5 Bxg5 15. f4 Bf6 16. Bxf6 Nxf6 17. f5 cxd4 18. exd4 Nbd7 19. Qf2 Ne4 20. Qc2 Qf6 21. Ne2 Qg7 22. Qc7 Ndc5 23. Bxe4 Rfc8 24. Qe7 Re8 25. Qc7 Rac8 26. Qf4 Nxe4 27. a4 Ba6 28. Rfe1 Bxe2 29. Qe3 Ba6 30. fxg6 hxg6 31. a5 Bb7 32. a6 Bc6 33. b4 Bb5 34. h3 Rc4 35. Red1 Nc3 36. Qxe8+ Bxe8 0-1

[Event "European Union U14-ch 2024"]
[Site "Roznov pod Radhostem"]
[Date "2024.08.07"]
[Round "3.6"]
[White "Madel, Luca"]
[Black "Bartova, Hana"]
[Result "0-1"]
[ECO "A45"]
[WhiteElo "1628"]
[BlackElo "1796"]
[Annotator "NA RC"]
[PlyCount "42"]
[EventDate "2024.08.02"]
[EventType "swiss"]
[EventCountry "CZE"]
[SourceTitle "playchess.com"]
[Source "ChessBase"]
[SourceQuality "1"]
[TimeControl "5400+30"]

1. d4 Nf6 2. Bf4 d6 3. Nf3 g6 4. e3 Bg7 5. c4 O-O 6. Nc3 Nbd7 7. Bd3 Nh5 8. Bg3 Nxg3 9. hxg3 e5 10. d5 f5 11. e4 Nc5 12. Bc2 f4 13. Ne2 fxg3 14. Nxg3 Bg4 15. Bd3 Rf4 16. b4 Nxd3+ 17. Qxd3 Bxf3 18. gxf3 Qf6 19. Rh2 Rxf3 20. Qd2 Qf4 21. Qxf4 exf4 0-1

[Event "European Union U14-ch 2024"]
[Site "Roznov pod Radhostem"]
[Date "2024.08.07"]
[Round "3.7"]
[White "Duchatel, Maxime"]
[Black "Barteckova, Nikol"]
[Result "1/2-1/2"]
[ECO "B21"]
[WhiteElo "1682"]
[BlackElo "1669"]
[Annotator "NA RC"]
[PlyCount "122"]
[EventDate "2024.08.02"]
[EventType "swiss"]
[EventCountry "CZE"]
[SourceTitle "playchess.com"]
[Source "ChessBase"]
[SourceQuality "1"]
[TimeControl "5400+30"]

1. e4 c5 2. d4 cxd4 3. c3 Nf6 4. e5 Nd5 5. Nf3 Nc6 6. cxd4 d6 7. Bc4 Nb6 8. Bb5 dxe5 9. Nxe5 Bd7 10. Nxd7 Qxd7 11. O-O e6 12. Nc3 Be7 13. Qg4 Bf6 14. Ne4 Qe7 15. Bf4 Rd8 16. Nxf6+ gxf6 17. Qg7 Kd7 18. Qg3 Rdg8 19. Qb3 Kd8 20. Rac1 e5 21. dxe5 fxe5 22. Rfd1+ Kc7 23. Bg3 Rg6 24. Qc3 Re8 25. f4 Nd7 26. fxe5 Ndxe5 27. Re1 Re6 28. Bc4 Qc5+ 29. Kh1 R6e7 30. Bxe5+ Rxe5 31. Rxe5 Rxe5 32. Bxf7 Qxc3 33. bxc3 Rc5 34. h3 Nb4 35. Bb3 Nd3 36. Rf1 Rh5 37. Rf7+ Kb6 38. Bc2 Nc1 39. Rxh7 Rxh7 40. Bxh7 Nxa2 41. c4 Nb4 42. g4 a5 43. g5 Nc6 44. g6 a4 45. g7 Ne7 46. g8=Q Nxg8 47. Bxg8 a3 48. c5+ Kxc5 49. h4 Kd6 50. Kg2 Ke7 51. Kg3 Kf6 52. Kg4 Kg6 53. Ba2 b6 54. h5+ Kh6 55. Bc4 b5 56. Be6 Kh7 57. Kg5 Kg7 58. h6+ Kh7 59. Bf5+ Kh8 60. Bb1 b4 61. Ba2 Kh7 1/2-1/2

[Event "European Union U14-ch 2024"]
[Site "Roznov pod Radhostem"]
[Date "2024.08.08"]
[Round "4.1"]
[White "Bocquenet-Drouode, Hugo"]
[Black "Constantinoiu, Alexandru Ioan"]
[Result "1/2-1/2"]
[ECO "D02"]
[WhiteElo "2025"]
[BlackElo "1904"]
[Annotator "NA RC"]
[PlyCount "52"]
[EventDate "2024.08.02"]
[EventType "swiss"]
[EventCountry "CZE"]
[SourceTitle "playchess.com"]
[Source "ChessBase"]
[SourceQuality "1"]
[TimeControl "5400+30"]

1. d4 d5 2. Nf3 Nf6 3. Bf4 c5 4. e3 Nc6 5. Nbd2 Qb6 6. dxc5 Qxc5 7. c4 $14 dxc4 8. Bxc4 e5 9. Bg3 e4 10. Nd4 Nxd4 11. exd4 Qb6 12. O-O Bb4 13. Be5 Bxd2 14. Qxd2 O-O 15. Qg5 h6 16. Qg3 Ng4 17. Bd6 Re8 18. Bc5 Qd8 19. f3 Ne3 20. Bxf7+ Kxf7 21. Qf4+ Nf5 22. fxe4 b6 23. Bd6 g5 24. Qg3 Rxe4 25. Qf3 Qe8 26. g4 Qc6 1/2-1/2